 Dungeon Crawl Stone Soup version 0.31-a0-233-g139696dc86 (webtiles) character file.

Game seed: 16074879586906798657

9 qw the Shooter (level 2, -1/16 HPs)
             Began as a Gargoyle Hexslinger on July 7, 2023.
             Slain by a jackal (2 damage)
             ... on level 1 of the Dungeon.
             The game lasted 00:00:05 (91 turns).

qw the Shooter (Gargoyle Hexslinger)                  Turns: 91, Time: 00:00:05

Health: -1/16      AC:  4    Str: 11    XL:     2   Next: 12%
Magic:  3/3        EV: 12    Int: 13    God:
Gold:   0          SH:  0    Dex: 12    Spells: 2/3 levels left

rFire   . . .        a - +1 sling
rCold   . . .        (no shield)
rNeg    + . .        c - +0 robe
rPois   inf          (no helmet)
rElec   +            (no cloak)
rCorr   .            (no gloves)
SInv    .            (no boots)
Will    .....        (no amulet)
Stlth   +            (no ring)
HPRegen 0.22/turn    (no ring)
MPRegen 0.08/turn

%: no passive effects
@: no status effects
A: sickness immunity, AC +2, negative energy resistance 1, electricity
resistance, torment resistance 1, petrification resistance
a: no special abilities


You were on level 1 of the Dungeon.
You visited 1 branch of the dungeon, and saw 1 of its levels.


Innate Abilities, Weirdness & Mutations

You are immune to sickness and miasma.
Your stone body is resilient. (AC +2)
You are immune to poison.
You resist negative energy. (rN+)
You are resistant to electric shocks. (rElec)
You are resistant to unholy torment.
You are immune to petrification.


   Skills:
 - Level 1.1 Fighting
 + Level 2.8 Ranged Weapons
 - Level 1.5 Dodging
 - Level 1.0 Spellcasting
 - Level 2.6 Hexes


You had 2 spell levels left.
You knew the following spells:

 Your Spells              Type           Power      Damage    Failure   Level
a - Slow                  Hex            28%        N/A       10%         1

Your spell library contained the following spells:

 Spells                   Type           Power      Damage    Failure   Level
 Inner Flame              Hex/Fire       4%         N/A       43%         3
 Portal Projectile        Hex/Tloc       8%         N/A       43%         3
 Cause Fear               Hex            3%         N/A       67%         4

Inventory:

Hand Weapons
 a - a +1 sling (weapon)
Armour
 c - a +0 robe (worn)
Scrolls
 b - a scroll of poison

Dungeon Overview and Level Annotations

Branches:
Dungeon (1/15)

Altars:


Message History

The jackal bites you but does no damage.
You have reached level 2!
You shoot a sling bullet. The sling bullet hits the jackal.
The jackal is severely wounded.
The jackal bites you. The jackal closely misses you. x2
You shoot a sling bullet. The sling bullet hits the jackal.
You kill the jackal!
The jackal misses you. x2
The ball python bites you but does no damage.
The ball python grabs you. The ball python constricts you.
You shoot a sling bullet.
The sling bullet barely misses the ball python.
The jackal closely misses you. The ball python bites you.
The ball python constricts you.
The jackal bites you but does no damage.
The ball python barely misses you. The ball python constricts you.
You shoot a sling bullet.
The sling bullet barely misses the ball python.
The jackal bites you but does no damage.
The ball python closely misses you. The ball python constricts you.
The jackal closely misses you.
You shoot a sling bullet. The sling bullet hits the ball python.
The ball python is moderately wounded.
The jackal bites you but does no damage.
The ball python closely misses you. The ball python constricts you.
The ball python completely misses you. The ball python constricts you.
The jackal bites you but does no damage.
You shoot a sling bullet.
The sling bullet completely misses the ball python.
The jackal bites you.
The ball python bites you but does no damage.
The ball python constricts you. The jackal completely misses you.
You shoot a sling bullet. The sling bullet hits the ball python.
You kill the ball python!
The jackal bites you but does no damage.
You shoot a sling bullet.
The sling bullet hits the jackal but does no damage.
The jackal bites you but does no damage.
The jackal bites you.
You die...

......#...... .. ##
....#...... #..
#...#......... # ..
#...#......#.. #. #.
##...#......... ... #.#
#.......#...... .(..#..
#.##....#<.....
......h###.#.....###...#
......%@##...##.........
......#%.%..###.........
$.... ##....#####...###.
..........#.....##.#....
.(...#..#.#.##.....#....
.. #....#.##..#### ... .
#......##### ###
##..#### ###


You could see a jackal.

Vanquished Creatures
  6 jackals (D:1)
  A ball python (D:1)
7 creatures vanquished.

Notes
Turn   | Place    | Note
-------+----------+-------------------------------------------
     0 | D:1      | qw the Gargoyle Hexslinger began the quest for the Orb.
     0 | D:1      | Reached XP level 1. HP: 12/12 MP: 2/2
     0 | D:1      | 0 ||| qw: Version: 0.3-a-46-gb1f654a
     0 | D:1      | 0 ||| qw: Game counter: 3314
     0 | D:1      | 0 ||| qw: Melee chars always use a shield: true
     0 | D:1      | 0 ||| qw: God list: Okawaru
     0 | D:1      | 0 ||| qw: Allow faded altars: false
     0 | D:1      | 0 ||| qw: Do Orc after clearing Dungeon:15 true
     0 | D:1      | 0 ||| qw: Do second Lair branch before Depths: true
     0 | D:1      | 0 ||| qw: Lair rune preference: random
     0 | D:1      | 0 ||| qw: Goals: Normal
     0 | D:1      | 0 ||| PLANNING D:1-11
    81 | D:1      | HP: 3/12 [jackal (2)]
    84 | D:1      | Reached XP level 2. HP: 5/16 MP: 3/3
    86 | D:1      | HP: 2/16 [ball python (3)]
    91 | D:1      | Slain by a jackal

Levels and vault maps discovered:
D:1:      minmay_arrival_open_corners, layout_rooms,
          hellmonk_ecumenical_altar_leap_of_faith, minmay_heptomino_h4

Action                     || total
---------------------------++-------
   Fire: Sling             ||    34
 Armour: Robe              ||    24
  Dodge: Dodged            ||    48

Table legend:
 A = Non-vault XP
 B = Vault XP
 C = Vault XP percentage of total XP
 D = Non-vault monster count
 E = Vault monster count
 F = Vault count percentage of total count
                 A         B        C        D         E       F
            +---------+---------+-------+---------+---------+-------
      Total |      13 |       0 |   0.0 |       7 |       0 |   0.0
            +---------+---------+-------+---------+---------+-------
        D:1 |      13 |       0 |   0.0 |       7 |       0 |   0.0
            +---------+---------+-------+---------+---------+-------
